Predators vs Capitals
Created - 14 janvier 2014 at 23:41
Goals
|
| Predators |
1 |
4 |
0 |
5 |
| Capitals |
0 |
2 |
1 |
3 |
|
Shots
|
| Predators |
13 |
13 |
7 |
33 |
| Capitals |
6 |
13 |
13 |
32 |
|
1st period
1. Predators , Keith Tkachuk 6 (Joe Thornton, Michael Grabner) at 1:42
Penalties :
Nicklas Backstrom (Was) for Interference (Minor) at 8:45, Oleg Saprykin (Nas) for Hooking (Minor) at 8:45
2nd period
2. Capitals , Evgeni Malkin 14 (Nicklas Backstrom) at 4:25
3. Predators , Michael Grabner 9 (Robyn Regehr, Joe Thornton) at 5:00
4. Capitals , Evgeni Malkin 15 (Zach Parise, Ryan Suter) at 6:34
5. Predators , Alexander Ovechkin 21 (Mike Ribeiro, Ryan Mcdonagh) at 7:12 (PP)
6. Predators , Mikael Samuelsson 6 (Alexander Edler, Alexander Ovechkin) at 7:38
7. Predators , Alexander Steen 15 (Joe Thornton) at 9:01
Penalties :
Rob Niedermayer (Nas) for Tripping (Minor) at 5:05, Braydon Coburn (Was) for Hooking (Minor) at 5:57
3rd period
8. Capitals , Brooks Laich 9 (Nicklas Backstrom, Brian Rafalski) at 18:40 (PP)
Penalties :
Steve Mason (Nas) for Slashing (Minor) at 0:16 - Joe Thornton served the penalty, Thomas Vanek (Was) for Hooking (Minor) at 6:51, Keith Tkachuk (Nas) for Roughing (Minor) at 6:51, Joe Thornton (Nas) for Hooking (Minor) at 18:04
Goalie Stats
Steve Mason (Nas), 29 saves from 32 shots - (0,906), W, 1-0-0, 60:00 minutes
Niklas Backstrom (Was), 28 saves from 33 shots - (0,848), L, 6-9-2, 60:00 minutes
Players Stats for Predators
Player Name G A P +/- PIM S H SB GA TA FO MP PP MP PK MP
------------------------------------------------------------------------------------
Alexander Edler 0 1 1 1 0 1 1 0 0 0 0/0 23:37 0:00 2:08
Alexander Ovechkin 1 1 2 -2 0 7 3 1 0 0 0/1 22:38 0:08 1:35
Alexander Steen 1 0 1 2 0 3 1 0 1 0 0/0 10:46 0:00 0:00
Barret Jackman 0 0 0 0 0 0 0 1 0 1 0/0 11:05 0:00 0:00
Jean-Pierre Dumont 0 0 0 -1 0 1 0 1 0 1 1/2 19:16 0:00 0:00
Joe Thornton 0 3 3 2 2 2 1 0 0 0 8/17 18:51 0:00 0:24
Keith Tkachuk 1 0 1 2 2 3 5 0 0 0 1/3 15:31 0:00 0:00
Kent Huskins 0 0 0 0 0 0 0 0 0 0 0/0 11:05 0:00 0:00
Kurtis Foster 0 0 0 1 0 1 0 3 0 0 0/0 18:28 0:08 1:19
Michael Grabner 1 1 2 2 0 3 2 0 1 1 0/0 15:51 0:00 0:00
Mikael Samuelsson 1 0 1 2 0 3 1 2 1 0 0/0 15:59 0:00 0:00
Mike Ribeiro 0 1 1 -2 0 5 3 0 0 0 10/22 22:47 0:08 1:44
Nick Boynton 0 0 0 0 0 0 0 0 0 0 0/0 6:58 0:00 0:00
Oleg Saprykin 0 0 0 0 2 1 0 2 0 1 0/0 11:35 0:00 1:52
Paul Mara 0 0 0 0 0 0 0 0 0 0 0/0 6:58 0:00 0:00
Rob Niedermayer 0 0 0 2 2 2 1 0 0 1 6/13 18:02 0:08 1:19
Robyn Regehr 0 1 1 1 0 1 1 1 0 0 0/0 23:29 0:00 2:08
Ryan Mcdonagh 0 1 1 1 0 0 0 2 0 0 0/0 18:28 0:08 1:19
Players Stats for Capitals
Player Name G A P +/- PIM S H SB GA TA FO MP PP MP PK MP
------------------------------------------------------------------------------------
Adam Hall 0 0 0 -1 0 0 0 0 0 0 0/0 7:39 0:00 0:00
Ales Hemsky 0 0 0 0 0 1 0 0 0 0 4/6 13:44 1:29 0:00
Anton Volchenkov 0 0 0 0 0 0 0 1 0 0 0/0 16:37 0:00 0:00
Bobby Ryan 0 0 0 -3 0 3 0 0 0 1 0/0 14:29 1:58 0:00
Braydon Coburn 0 0 0 0 2 3 3 0 0 0 0/0 19:25 1:10 0:00
Brian Rafalski 0 1 1 -1 0 2 2 2 0 0 0/0 25:26 2:16 0:08
Brooks Laich 1 0 1 -3 0 1 0 0 0 0 5/15 16:53 1:29 0:00
Bryce Salvador 0 0 0 -1 0 0 0 1 1 1 0/0 16:22 0:00 0:00
Chris Kunitz 0 0 0 -1 0 1 1 0 0 0 0/0 8:56 0:00 0:00
Evgeni Malkin 2 0 2 2 0 8 3 0 0 0 3/8 21:59 1:58 0:08
Joe Corvo 0 0 0 -1 0 0 0 1 1 0 0/0 17:57 1:11 0:00
Nicklas Backstrom 0 2 2 1 2 2 2 1 1 1 18/24 20:39 1:29 0:00
Peter Regin 0 0 0 -1 0 3 1 0 0 0 1/2 8:46 0:00 0:00
Pierre-Alexandre Parente 0 0 0 0 0 1 4 0 0 0 0/0 12:15 0:00 0:00
Ryan Suter 0 1 1 -1 0 1 0 1 0 0 0/0 24:12 2:16 0:08
Steve Sullivan 0 0 0 0 0 3 2 0 0 0 1/1 13:03 0:00 0:00
Thomas Vanek 0 0 0 -3 2 2 3 1 1 0 0/0 14:23 0:00 0:00
Zach Parise 0 1 1 2 0 1 1 0 1 0 0/2 21:59 1:58 0:08
3 Stars
1 - Evgeni Malkin (Was)
2 - Michael Grabner (Nas)
3 - Joe Thornton (Nas)
Power Play
Predators - 1 on 1 Attempt(s) - 100,00%
Capitals - 1 on 3 Attempt(s) - 33,33%
Penalty Kill
Predators - 2 on 3 Attempt(s) - 66,67%
- Score 0 goal in Penalty Kill
Capitals - 0 on 1 Attempt(s) - 0,00%
- Score 0 goal in Penalty Kill
Official
Referees : Rehman Kyle and Martell Rob
Linesman : Brad Lazarowich and Derek Nansen
Game Notes
No Game Note
Finance
Level 1 -- Attendance: 5502 (91,70%) -- Ticket Income 418 152 $
Level 2 -- Attendance: 4995 (99,90%) -- Ticket Income 209 790 $
Level 3 -- Attendance: 2000 (100,00%) -- Ticket Income 52 000 $
Level 4 -- Attendance: 3878 (96,95%) -- Ticket Income 65 926 $
Luxury Box -- Attendance: 870 (87,00%) -- Ticket Income 140 940 $
Game was played at the Verizon Center
Total Attendance: 17245 (95,81%)
Total Ticket Income: 886 808 $
Other Income: 133 021 $
Total Income: 1 019 829 $
Predators
5 vs 5 Forward
Center Left Wing Right Wing Time % Phy DF OF
1 Mike Ribeiro Alexander Ovechkin Jean-Pierre Dumont 35 1 2 2
2 Joe Thornton Keith Tkachuk Michael Grabner 35 1 2 2
3 Rob Niedermayer Alexander Steen Mikael Samuelsson 15 1 2 2
4 Rob Niedermayer Oleg Saprykin Mikael Samuelsson 15 1 2 2
5 vs 5 Defense
Defense Defense Time % Phy DF OF
1 Alexander Edler Robyn Regehr 40 1 2 2
2 Kurtis Foster Ryan Mcdonagh 30 1 2 2
3 Barret Jackman Kent Huskins 20 1 2 2
4 Paul Mara Nick Boynton 10 1 2 2
PowerPlay Forward
Center Left Wing Right Wing Time % Phy DF OF
1 Joe Thornton Alexander Ovechkin Mikael Samuelsson 50 1 2 2
2 Mike Ribeiro Keith Tkachuk Michael Grabner 50 1 2 2
PowerPlay Defense
Defense Defense Time % Phy DF OF
1 Alexander Edler Robyn Regehr 50 1 2 2
2 Kurtis Foster Ryan Mcdonagh 50 1 2 2
Penalty Kill 4 Players Forward
Center Wing Time % Phy DF OF
1 Mike Ribeiro Alexander Ovechkin 50 1 2 2
2 Joe Thornton Oleg Saprykin 50 1 2 2
Penalty Kill 4 Players Defense
Defense Defense Time % Phy DF OF
1 Alexander Edler Robyn Regehr 50 1 2 2
2 Kurtis Foster Ryan Mcdonagh 50 1 2 2
Penalty Kill - 3 Players Forward
Forward Time % Phy DF OF
1 Alexander Ovechkin 50 1 2 2
2 Joe Thornton 50 1 2 2
Penalty Kill - 3 Players Defense
Defense Defense Time % Phy DF OF
1 Alexander Edler Robyn Regehr 50 1 2 2
2 Kurtis Foster Ryan Mcdonagh 50 1 2 2
4 vs 4 Forward
Center Wing Time % Phy DF OF
1 Mike Ribeiro Alexander Ovechkin 50 1 2 2
2 Joe Thornton Mikael Samuelsson 50 1 2 2
4 vs 4 Defense
Defense Defense Time % Phy DF OF
1 Alexander Edler Robyn Regehr 50 1 2 2
2 Kurtis Foster Ryan Mcdonagh 50 1 2 2
Last Minutes Offensive
Center Left Wing Right Wing Defense Defense
Joe Thornton Alexander Ovechkin Michael Grabner Alexander Edler Kurtis Foster
Last Minutes Defensive
Center Left Wing Right Wing Defense Defense
Joe Thornton Alexander Ovechkin Jean-Pierre Dumont Ryan Mcdonagh Robyn Regehr
Goaltenders
Starting : Steve Mason
Backup : Josh Tordjman
Extra Forwards
Normal : Alexander Steen, Oleg Saprykin, Rob Niedermayer - PP : Alexander Steen, Oleg Saprykin - PK : Rob Niedermayer
Extra Defensemen
Normal : Barret Jackman, Ryan Mcdonagh, Kent Huskins - PP : Barret Jackman - PK : Kent Huskins, Ryan Mcdonagh
Penalty Shots
Alexander Ovechkin, Joe Thornton, Mike Ribeiro, Jean-Pierre Dumont, Michael Grabner
Capitals
5 vs 5 Forward
Center Left Wing Right Wing Time % Phy DF OF
1 Nicklas Backstrom Zach Parise Evgeni Malkin 42 0 1 4
2 Brooks Laich Thomas Vanek Bobby Ryan 31 0 1 4
3 Ales Hemsky Steve Sullivan Pierre-Alexandre Parentea24 0 2 3
4 Peter Regin Chris Kunitz Adam Hall 3 1 3 1
5 vs 5 Defense
Defense Defense Time % Phy DF OF
1 Brian Rafalski Ryan Suter 40 1 2 2
2 Anton Volchenkov Braydon Coburn 30 1 3 1
3 Bryce Salvador Joe Corvo 20 1 3 1
4 Braydon Coburn Brian Rafalski 10 1 2 2
PowerPlay Forward
Center Left Wing Right Wing Time % Phy DF OF
1 Evgeni Malkin Zach Parise Bobby Ryan 60 0 1 4
2 Brooks Laich Nicklas Backstrom Ales Hemsky 40 0 1 4
PowerPlay Defense
Defense Defense Time % Phy DF OF
1 Brian Rafalski Ryan Suter 60 0 1 4
2 Joe Corvo Braydon Coburn 40 0 1 4
Penalty Kill 4 Players Forward
Center Wing Time % Phy DF OF
1 Evgeni Malkin Zach Parise 60 1 3 1
2 Nicklas Backstrom Thomas Vanek 40 1 3 1
Penalty Kill 4 Players Defense
Defense Defense Time % Phy DF OF
1 Braydon Coburn Bryce Salvador 60 1 4 0
2 Anton Volchenkov Ryan Suter 40 1 4 0
Penalty Kill - 3 Players Forward
Forward Time % Phy DF OF
1 Evgeni Malkin 60 0 5 0
2 Zach Parise 40 0 4 0
Penalty Kill - 3 Players Defense
Defense Defense Time % Phy DF OF
1 Braydon Coburn Bryce Salvador 60 1 4 0
2 Anton Volchenkov Ryan Suter 40 1 4 0
4 vs 4 Forward
Center Wing Time % Phy DF OF
1 Evgeni Malkin Zach Parise 60 0 2 3
2 Brooks Laich Thomas Vanek 40 0 2 3
4 vs 4 Defense
Defense Defense Time % Phy DF OF
1 Brian Rafalski Ryan Suter 60 0 3 2
2 Joe Corvo Bryce Salvador 40 0 3 2
Last Minutes Offensive
Center Left Wing Right Wing Defense Defense
Evgeni Malkin Zach Parise Bobby Ryan Braydon Coburn Bryce Salvador
Last Minutes Defensive
Center Left Wing Right Wing Defense Defense
Evgeni Malkin Zach Parise Bobby Ryan Braydon Coburn Bryce Salvador
Goaltenders
Starting : Niklas Backstrom
Backup : Nikolai Khabibulin
Extra Forwards
Normal : Chris Kunitz, Nicklas Backstrom, Peter Regin - PP : Chris Kunitz, Nicklas Backstrom - PK : Peter Regin
Extra Defensemen
Normal : Ryan Suter, Brian Rafalski, Anton Volchenkov - PP : Brian Rafalski - PK : Ryan Suter, Joe Corvo
Penalty Shots
Evgeni Malkin, Zach Parise, Nicklas Backstrom, Thomas Vanek, Bobby Ryan
% Time on Ice - Predators
Lines # - Real PCT - Wanted PCT - Time Play
Normal Forward
1 - 38% - 35% - 19:22
2 - 33% - 35% - 17:06
3 - 15% - 15% - 7:33
4 - 14% - 15% - 7:19
Normal Defense
1 - 38% - 40% - 19:28
2 - 27% - 30% - 13:49
3 - 22% - 20% - 11:05
4 - 14% - 10% - 6:58
PP Forward
1 - 100% - 50% - 0:08
2 - 0% - 50% - 0:00
PP Defense
1 - 0% - 50% - 0:00
2 - 100% - 50% - 0:08
PK Forward
1 - 38% - 50% - 1:19
2 - 62% - 50% - 2:08
PK Defense
1 - 62% - 50% - 2:08
2 - 38% - 50% - 1:19
PK3 Forward
1 - 0% - 50%
2 - 0% - 50%
PK3 Defense
1 - 0% - 50%
2 - 0% - 50%
44 Forward
1 - 36% - 50% - 1:49
2 - 64% - 50% - 3:16
44 Defense
1 - 37% - 50% - 1:53
2 - 63% - 50% - 3:12
Last Minute Offensive - 0:00
Last Minute Defensive - 0:00
Total
Forward - 60:00
Defense - 60:00
|
% Time on Ice - Capitals
Lines # - Real PCT - Wanted PCT - Time Play
Normal Forward
1 - 35% - 42% - 18:00
2 - 27% - 31% - 13:50
3 - 24% - 24% - 12:15
4 - 14% - 3% - 7:15
Normal Defense
1 - 35% - 40% - 17:56
2 - 34% - 30% - 17:13
3 - 27% - 20% - 14:03
4 - 4% - 10% - 2:08
PP Forward
1 - 57% - 60% - 1:58
2 - 43% - 40% - 1:29
PP Defense
1 - 66% - 60% - 2:16
2 - 34% - 40% - 1:11
PK Forward
1 - 100% - 60% - 0:08
2 - 0% - 40% - 0:00
PK Defense
1 - 100% - 60% - 0:08
2 - 0% - 40% - 0:00
PK3 Forward
1 - 0% - 60%
2 - 0% - 40%
PK3 Defense
1 - 0% - 60%
2 - 0% - 40%
44 Forward
1 - 61% - 60% - 3:06
2 - 39% - 40% - 1:59
44 Defense
1 - 76% - 60% - 3:52
2 - 24% - 40% - 1:13
Last Minute Offensive - 0:00
Last Minute Defensive - 0:00
Total
Forward - 60:00
Defense - 60:00
|
Play by Play
1st period
0:01 of 1st period - Nicklas Backstrom wins face-off versus Mike Ribeiro in neutral zone.
0:36 of 1st period - Alexander Edler is hit by Thomas Vanek and loses puck.
0:51 of 1st period - Slapshot by Alexander Steen.
0:51 of 1st period - Stopped by Niklas Backstrom without a rebound.
0:52 of 1st period - Nicklas Backstrom wins face-off versus Rob Niedermayer in Capitals zone.
1:42 of 1st period - Snap shot by Keith Tkachuk.
1:42 of 1st period - Goal by Keith Tkachuk - Predators : 1 - Capitals : 0.
1:43 of 1st period - Nicklas Backstrom wins face-off versus Rob Niedermayer in neutral zone.
2:11 of 1st period - Off-side.
2:12 of 1st period - Joe Thornton wins face-off versus Brooks Laich in neutral zone.
2:29 of 1st period - Wrist shot by Thomas Vanek.
2:29 of 1st period - Shot Misses the Net.
3:33 of 1st period - Snap shot by Michael Grabner.
3:33 of 1st period - Stopped by Niklas Backstrom without a rebound.
3:34 of 1st period - Mike Ribeiro wins face-off versus Zach Parise in Capitals zone.
3:39 of 1st period - Snap shot by Mike Ribeiro.
3:39 of 1st period - Stopped by Niklas Backstrom with a rebound.
3:47 of 1st period - Slapshot by Alexander Ovechkin.
3:47 of 1st period - Shot Misses the Net.
3:49 of 1st period - Slapshot by Alexander Edler.
3:49 of 1st period - Shot Blocked by Nicklas Backstrom.
4:01 of 1st period - Robyn Regehr is hit by Brian Rafalski and loses puck.
4:58 of 1st period - Brian Rafalski is hit by Mike Ribeiro and loses puck.
5:56 of 1st period - Slapshot by Brian Rafalski.
5:56 of 1st period - Shot Misses the Net.
6:17 of 1st period - Icing by Ryan Mcdonagh.
6:18 of 1st period - Nicklas Backstrom wins face-off versus Joe Thornton in Predators zone.
6:21 of 1st period - Snap shot by Evgeni Malkin.
6:21 of 1st period - Deflect By Kurtis Foster.
6:21 of 1st period - Shot Misses the Net.
6:21 of 1st period - Puck is out of play.
6:22 of 1st period - Nicklas Backstrom wins face-off versus Joe Thornton in Predators zone.
6:51 of 1st period - Wrist shot by Steve Sullivan.
6:51 of 1st period - Stopped by Steve Mason with a rebound.
6:57 of 1st period - Anton Volchenkov is hit by Alexander Edler and loses puck.
7:07 of 1st period - Icing by Brooks Laich.
7:08 of 1st period - Rob Niedermayer wins face-off versus Brooks Laich in Capitals zone.
7:55 of 1st period - Snap shot by Alexander Ovechkin.
7:55 of 1st period - Stopped by Niklas Backstrom without a rebound.
7:56 of 1st period - Ales Hemsky wins face-off versus Mike Ribeiro in Capitals zone.
7:56 of 1st period - Ales Hemsky is hit by Mike Ribeiro.
8:31 of 1st period - Wrist shot by Pierre-Alexandre Parenteau.
8:31 of 1st period - Stopped by Steve Mason without a rebound.
8:32 of 1st period - Nicklas Backstrom wins face-off versus Rob Niedermayer in Predators zone.
8:39 of 1st period - Snap shot by Nicklas Backstrom.
8:39 of 1st period - Shot Misses the Net.
8:45 of 1st period - Minor Penalty to Nicklas Backstrom for Interference.
8:45 of 1st period - Minor Penalty to Oleg Saprykin for Hooking.
8:46 of 1st period - Mike Ribeiro wins face-off versus Evgeni Malkin in Capitals zone.
8:49 of 1st period - Snap shot by Mike Ribeiro.
8:49 of 1st period - Shot Blocked by Brian Rafalski.
9:57 of 1st period - Wrist shot by Brian Rafalski.
9:57 of 1st period - Shot Misses the Net.
10:45 of 1st period - Penalty to Nicklas Backstrom is over, Nicklas Backstrom is back on ice.
10:45 of 1st period - Penalty to Oleg Saprykin is over, Oleg Saprykin is back on ice.
10:47 of 1st period - Snap shot by Brooks Laich.
10:47 of 1st period - Shot Blocked by Ryan Mcdonagh.
11:13 of 1st period - Slapshot by Kurtis Foster.
11:13 of 1st period - Deflect By Joe Corvo.
11:13 of 1st period - Stopped by Niklas Backstrom with a rebound.
11:15 of 1st period - Snap shot by Oleg Saprykin.
11:15 of 1st period - Stopped by Niklas Backstrom with a rebound.
11:17 of 1st period - Snap shot by Ryan Mcdonagh.
11:17 of 1st period - Shot Misses the Net.
11:49 of 1st period - Slapshot by Alexander Steen.
11:49 of 1st period - Shot Misses the Net.
11:53 of 1st period - Snap shot by Rob Niedermayer.
11:53 of 1st period - Stopped by Niklas Backstrom without a rebound.
11:54 of 1st period - Ales Hemsky wins face-off versus Mike Ribeiro in Capitals zone.
12:00 of 1st period - Icing by Braydon Coburn.
12:01 of 1st period - Steve Sullivan wins face-off versus Mike Ribeiro in Capitals zone.
12:08 of 1st period - Wrist shot by Steve Sullivan.
12:08 of 1st period - Stopped by Steve Mason with a rebound.
13:11 of 1st period - Snap shot by Mike Ribeiro.
13:11 of 1st period - Stopped by Niklas Backstrom without a rebound.
13:12 of 1st period - Nicklas Backstrom wins face-off versus Keith Tkachuk in Capitals zone.
13:19 of 1st period - Wrist shot by Evgeni Malkin.
13:19 of 1st period - Stopped by Steve Mason without a rebound.
13:20 of 1st period - Nicklas Backstrom wins face-off versus Joe Thornton in Predators zone.
13:28 of 1st period - Off-side.
13:29 of 1st period - Nicklas Backstrom wins face-off versus Rob Niedermayer in neutral zone.
14:00 of 1st period - Bryce Salvador is hit by Michael Grabner and loses puck.
14:20 of 1st period - Alexander Ovechkin is hit by Steve Sullivan and loses puck.
15:21 of 1st period - Icing by Mike Ribeiro.
15:22 of 1st period - Mike Ribeiro wins face-off versus Brooks Laich in Predators zone.
16:04 of 1st period - Snap shot by Peter Regin.
16:04 of 1st period - Shot Misses the Net.
16:06 of 1st period - Wrist shot by Peter Regin.
16:06 of 1st period - Stopped by Steve Mason with a rebound.
16:14 of 1st period - Wrist shot by Peter Regin.
16:14 of 1st period - Stopped by Steve Mason without a rebound.
16:15 of 1st period - Nicklas Backstrom wins face-off versus Mike Ribeiro in Predators zone.
16:29 of 1st period - Backhand shot by Zach Parise.
16:29 of 1st period - Shot Misses the Net.
16:51 of 1st period - Wrist shot by Alexander Steen.
16:51 of 1st period - Stopped by Niklas Backstrom with a rebound.
17:18 of 1st period - Ryan Suter is hit by Keith Tkachuk.
17:22 of 1st period - Brian Rafalski is hit by Michael Grabner and loses puck.
17:31 of 1st period - Wrist shot by Joe Thornton.
17:31 of 1st period - Shot Misses the Net.
17:33 of 1st period - Wrist shot by Joe Thornton.
17:33 of 1st period - Shot Misses the Net.
17:43 of 1st period - Snap shot by Joe Thornton.
17:43 of 1st period - Shot Misses the Net.
17:45 of 1st period - Snap shot by Joe Thornton.
17:45 of 1st period - Stopped by Niklas Backstrom with a rebound.
17:47 of 1st period - Snap shot by Nick Boynton.
17:47 of 1st period - Shot Misses the Net.
17:49 of 1st period - Wrist shot by Joe Thornton.
17:49 of 1st period - Shot Misses the Net.
17:55 of 1st period - Wrist shot by Joe Thornton.
17:55 of 1st period - Deflect By Keith Tkachuk.
17:55 of 1st period - Stopped by Niklas Backstrom without a rebound.
17:56 of 1st period - Nicklas Backstrom wins face-off versus Mike Ribeiro in Capitals zone.
17:56 of 1st period - Nicklas Backstrom is hit by Alexander Ovechkin.
18:22 of 1st period - Bobby Ryan is hit by Mikael Samuelsson and loses puck.
18:31 of 1st period - Wrist shot by Mikael Samuelsson.
18:31 of 1st period - Shot Blocked by Thomas Vanek.
18:33 of 1st period - Wrist shot by Rob Niedermayer.
18:33 of 1st period - Stopped by Niklas Backstrom without a rebound.
18:34 of 1st period - Rob Niedermayer wins face-off versus Nicklas Backstrom in Capitals zone.
18:55 of 1st period - Alexander Steen is hit by Nicklas Backstrom and loses puck.
19:13 of 1st period - Kurtis Foster is hit by Brian Rafalski and loses puck.
2nd period
0:01 of 2nd period - Nicklas Backstrom wins face-off versus Alexander Ovechkin in neutral zone.
0:08 of 2nd period - Wrist shot by Jean-Pierre Dumont.
0:08 of 2nd period - Stopped by Niklas Backstrom with a rebound.
0:38 of 2nd period - Wrist shot by Thomas Vanek.
0:38 of 2nd period - Stopped by Steve Mason without a rebound.
0:39 of 2nd period - Ales Hemsky wins face-off versus Joe Thornton in Predators zone.
0:50 of 2nd period - Slapshot by Joe Thornton.
0:50 of 2nd period - Shot Misses the Net.
1:53 of 2nd period - Slapshot by Anton Volchenkov.
1:53 of 2nd period - Shot Blocked by Kurtis Foster.
1:55 of 2nd period - Wrist shot by Peter Regin.
1:55 of 2nd period - Shot Blocked by Kurtis Foster.
2:33 of 2nd period - Wrist shot by Evgeni Malkin.
2:33 of 2nd period - Deflect By Nicklas Backstrom.
2:33 of 2nd period - Stopped by Steve Mason with a rebound.
2:35 of 2nd period - Snap shot by Nicklas Backstrom.
2:35 of 2nd period - Shot Blocked by Oleg Saprykin.
2:37 of 2nd period - Slapshot by Braydon Coburn.
2:37 of 2nd period - Stopped by Steve Mason without a rebound.
2:38 of 2nd period - Brooks Laich wins face-off versus Jean-Pierre Dumont in Predators zone.
2:39 of 2nd period - Wrist shot by Bobby Ryan.
2:39 of 2nd period - Stopped by Steve Mason without a rebound.
2:40 of 2nd period - Brooks Laich wins face-off versus Mike Ribeiro in Predators zone.
3:30 of 2nd period - Snap shot by Alexander Ovechkin.
3:30 of 2nd period - Stopped by Niklas Backstrom with a rebound.
3:32 of 2nd period - Slapshot by Mike Ribeiro.
3:32 of 2nd period - Stopped by Niklas Backstrom without a rebound.
3:33 of 2nd period - Nicklas Backstrom wins face-off versus Joe Thornton in Capitals zone.
3:38 of 2nd period - Backhand shot by Joe Thornton.
3:38 of 2nd period - Shot Blocked by Ryan Suter.
3:40 of 2nd period - Slapshot by Michael Grabner.
3:40 of 2nd period - Shot Misses the Net.
3:42 of 2nd period - Snap shot by Joe Thornton.
3:42 of 2nd period - Shot Hit the Post.
3:44 of 2nd period - Slapshot by Keith Tkachuk.
3:44 of 2nd period - Stopped by Niklas Backstrom without a rebound.
3:45 of 2nd period - Joe Thornton wins face-off versus Zach Parise in Capitals zone.
3:48 of 2nd period - Snap shot by Keith Tkachuk.
3:48 of 2nd period - Shot Misses the Net.
3:56 of 2nd period - Joe Thornton is hit by Zach Parise and loses puck.
4:23 of 2nd period - Wrist shot by Brooks Laich.
4:23 of 2nd period - Deflect By Bobby Ryan.
4:23 of 2nd period - Stopped by Steve Mason without a rebound.
4:24 of 2nd period - Nicklas Backstrom wins face-off versus Mike Ribeiro in Predators zone.
4:25 of 2nd period - Snap shot by Evgeni Malkin.
4:25 of 2nd period - Goal by Evgeni Malkin - Predators : 1 - Capitals : 1.
4:26 of 2nd period - Nicklas Backstrom wins face-off versus Mike Ribeiro in neutral zone.
4:29 of 2nd period - Mike Ribeiro is hit by Evgeni Malkin and loses puck.
4:58 of 2nd period - Slapshot by Robyn Regehr.
4:58 of 2nd period - Deflect By Bobby Ryan.
4:58 of 2nd period - Stopped by Niklas Backstrom with a rebound.
5:00 of 2nd period - Wrist shot by Michael Grabner.
5:00 of 2nd period - Goal by Michael Grabner - Predators : 2 - Capitals : 1.
5:01 of 2nd period - Nicklas Backstrom wins face-off versus Rob Niedermayer in neutral zone.
5:05 of 2nd period - Minor Penalty to Rob Niedermayer for Tripping.
5:06 of 2nd period - Evgeni Malkin wins face-off versus Mike Ribeiro in Predators zone.
5:38 of 2nd period - Snap shot by Brian Rafalski.
5:38 of 2nd period - Shot Blocked by Oleg Saprykin.
5:57 of 2nd period - Minor Penalty to Braydon Coburn for Hooking.
5:58 of 2nd period - Mike Ribeiro wins face-off versus Evgeni Malkin in Capitals zone.
6:03 of 2nd period - Snap shot by Alexander Ovechkin.
6:03 of 2nd period - Stopped by Niklas Backstrom with a rebound.
6:07 of 2nd period - Backhand shot by Alexander Ovechkin.
6:07 of 2nd period - Stopped by Niklas Backstrom without a rebound.
6:08 of 2nd period - Evgeni Malkin wins face-off versus Mike Ribeiro in Capitals zone.
6:34 of 2nd period - Snap shot by Evgeni Malkin.
6:34 of 2nd period - Goal by Evgeni Malkin - Predators : 2 - Capitals : 2.
6:35 of 2nd period - Evgeni Malkin wins face-off versus Joe Thornton in neutral zone.
7:02 of 2nd period - Snap shot by Alexander Ovechkin.
7:02 of 2nd period - Stopped by Niklas Backstrom with a rebound.
7:05 of 2nd period - Penalty to Rob Niedermayer is over, Rob Niedermayer is back on ice.
7:12 of 2nd period - Slapshot by Mike Ribeiro.
7:12 of 2nd period - Deflect By Alexander Ovechkin.
7:12 of 2nd period - Goal by Alexander Ovechkin - Predators : 3 - Capitals : 2.
7:13 of 2nd period - Brooks Laich wins face-off versus Joe Thornton in neutral zone.
7:16 of 2nd period - Backhand shot by Brian Rafalski.
7:16 of 2nd period - Deflect By Kurtis Foster.
7:16 of 2nd period - Stopped by Steve Mason with a rebound.
7:38 of 2nd period - Slapshot by Alexander Edler.
7:38 of 2nd period - Deflect By Mikael Samuelsson.
7:38 of 2nd period - Goal by Mikael Samuelsson - Predators : 4 - Capitals : 2.
7:39 of 2nd period - Mike Ribeiro wins face-off versus Nicklas Backstrom in neutral zone.
8:04 of 2nd period - Bobby Ryan is hit by Robyn Regehr and loses puck.
8:11 of 2nd period - Alexander Edler is hit by Braydon Coburn and loses puck.
8:30 of 2nd period - Rob Niedermayer is hit by Braydon Coburn and loses puck.
9:01 of 2nd period - Slapshot by Alexander Steen.
9:01 of 2nd period - Goal by Alexander Steen - Predators : 5 - Capitals : 2.
9:02 of 2nd period - Keith Tkachuk wins face-off versus Nicklas Backstrom in neutral zone.
9:51 of 2nd period - Kurtis Foster is hit by Pierre-Alexandre Parenteau and loses puck.
9:58 of 2nd period - Snap shot by Ales Hemsky.
9:58 of 2nd period - Shot Blocked by Kurtis Foster.
10:20 of 2nd period - Evgeni Malkin is hit by Keith Tkachuk and loses puck.
10:32 of 2nd period - Slapshot by Evgeni Malkin.
10:32 of 2nd period - Stopped by Steve Mason without a rebound.
10:33 of 2nd period - Mike Ribeiro wins face-off versus Brooks Laich in Predators zone.
11:04 of 2nd period - Off-side.
11:05 of 2nd period - Joe Thornton wins face-off versus Peter Regin in neutral zone.
11:16 of 2nd period - Wrist shot by Joe Thornton.
11:16 of 2nd period - Shot Blocked by Anton Volchenkov.
12:10 of 2nd period - Robyn Regehr is hit by Pierre-Alexandre Parenteau and loses puck.
12:29 of 2nd period - Wrist shot by Evgeni Malkin.
12:29 of 2nd period - Shot Misses the Net.
12:51 of 2nd period - Snap shot by Chris Kunitz.
12:51 of 2nd period - Stopped by Steve Mason with a rebound.
12:53 of 2nd period - Slapshot by Peter Regin.
12:53 of 2nd period - Shot Blocked by Mikael Samuelsson.
14:08 of 2nd period - Snap shot by Evgeni Malkin.
14:08 of 2nd period - Shot Misses the Net.
14:10 of 2nd period - Wrist shot by Brian Rafalski.
14:10 of 2nd period - Shot Blocked by Alexander Ovechkin.
14:12 of 2nd period - Snap shot by Brian Rafalski.
14:12 of 2nd period - Shot Blocked by Jean-Pierre Dumont.
14:14 of 2nd period - Snap shot by Zach Parise.
14:14 of 2nd period - Shot Blocked by Ryan Mcdonagh.
14:40 of 2nd period - Wrist shot by Joe Corvo.
14:40 of 2nd period - Shot Blocked by Robyn Regehr.
14:42 of 2nd period - Slapshot by Peter Regin.
14:42 of 2nd period - Shot Misses the Net.
15:44 of 2nd period - Mike Ribeiro is hit by Thomas Vanek and loses puck.
15:55 of 2nd period - Wrist shot by Bobby Ryan.
15:55 of 2nd period - Stopped by Steve Mason with a rebound.
16:05 of 2nd period - Barret Jackman is hit by Peter Regin and loses puck.
16:10 of 2nd period - Snap shot by Peter Regin.
16:10 of 2nd period - Shot Misses the Net.
16:12 of 2nd period - Snap shot by Peter Regin.
16:12 of 2nd period - Shot Misses the Net.
16:14 of 2nd period - Slapshot by Braydon Coburn.
16:14 of 2nd period - Shot Blocked by Mikael Samuelsson.
16:30 of 2nd period - Mike Ribeiro is hit by Evgeni Malkin.
18:20 of 2nd period - Nicklas Backstrom is hit by Mike Ribeiro and loses puck.
18:31 of 2nd period - Snap shot by Steve Sullivan.
18:31 of 2nd period - Shot Misses the Net.
18:33 of 2nd period - Slapshot by Steve Sullivan.
18:33 of 2nd period - Stopped by Steve Mason with a rebound.
18:41 of 2nd period - Backhand shot by Ales Hemsky.
18:41 of 2nd period - Shot Misses the Net.
19:05 of 2nd period - Wrist shot by Ryan Suter.
19:05 of 2nd period - Stopped by Steve Mason without a rebound.
19:06 of 2nd period - Peter Regin wins face-off versus Keith Tkachuk in Predators zone.
19:13 of 2nd period - Brian Rafalski is hit by Keith Tkachuk and loses puck.
19:45 of 2nd period - Off-side.
19:46 of 2nd period - Rob Niedermayer wins face-off versus Nicklas Backstrom in neutral zone.
19:54 of 2nd period - Wrist shot by Mikael Samuelsson.
19:54 of 2nd period - Stopped by Niklas Backstrom with a rebound.
19:56 of 2nd period - Wrist shot by Mikael Samuelsson.
19:56 of 2nd period - Shot Misses the Net.
3rd period
0:01 of 3rd period - Mike Ribeiro wins face-off versus Nicklas Backstrom in neutral zone.
0:12 of 3rd period - Snap shot by Braydon Coburn.
0:12 of 3rd period - Stopped by Steve Mason without a rebound.
0:13 of 3rd period - Nicklas Backstrom wins face-off versus Joe Thornton in Predators zone.
0:14 of 3rd period - Wrist shot by Evgeni Malkin.
0:14 of 3rd period - Stopped by Steve Mason with a rebound.
0:16 of 3rd period - Slapshot by Zach Parise.
0:16 of 3rd period - Deflect By Nicklas Backstrom.
0:16 of 3rd period - Stopped by Steve Mason without a rebound.
0:16 of 3rd period - Minor Penalty to Steve Mason for Slashing.
0:17 of 3rd period - Rob Niedermayer wins face-off versus Evgeni Malkin in Predators zone.
0:30 of 3rd period - Snap shot by Zach Parise.
0:30 of 3rd period - Stopped by Steve Mason with a rebound.
0:49 of 3rd period - Slapshot by Braydon Coburn.
0:49 of 3rd period - Stopped by Steve Mason without a rebound.
0:50 of 3rd period - Mike Ribeiro wins face-off versus Evgeni Malkin in Predators zone.
1:15 of 3rd period - Brooks Laich is hit by Alexander Ovechkin and loses puck.
2:16 of 3rd period - Penalty to Joe Thornton is over, Joe Thornton is back on ice.
2:45 of 3rd period - Off-side.
2:46 of 3rd period - Joe Thornton wins face-off versus Ales Hemsky in neutral zone.
2:49 of 3rd period - Pierre-Alexandre Parenteau is hit by Keith Tkachuk and loses puck.
2:56 of 3rd period - Snap shot by Joe Thornton.
2:56 of 3rd period - Deflect By Ales Hemsky.
2:56 of 3rd period - Stopped by Niklas Backstrom with a rebound.
3:08 of 3rd period - Snap shot by Ryan Suter.
3:08 of 3rd period - Deflect By Zach Parise.
3:08 of 3rd period - Shot Misses the Net.
3:08 of 3rd period - Puck is out of play.
3:09 of 3rd period - Mike Ribeiro wins face-off versus Nicklas Backstrom in Predators zone.
3:38 of 3rd period - Snap shot by Zach Parise.
3:38 of 3rd period - Shot Misses the Net.
3:40 of 3rd period - Slapshot by Brian Rafalski.
3:40 of 3rd period - Stopped by Steve Mason without a rebound.
3:41 of 3rd period - Joe Thornton wins face-off versus Brooks Laich in Predators zone.
4:26 of 3rd period - Off-side.
4:27 of 3rd period - Nicklas Backstrom wins face-off versus Mike Ribeiro in neutral zone.
5:04 of 3rd period - Snap shot by Mike Ribeiro.
5:04 of 3rd period - Shot Misses the Net.
5:06 of 3rd period - Slapshot by Alexander Edler.
5:06 of 3rd period - Stopped by Niklas Backstrom with a rebound.
5:08 of 3rd period - Snap shot by Mike Ribeiro.
5:08 of 3rd period - Shot Blocked by Joe Corvo.
5:22 of 3rd period - Robyn Regehr is hit by Nicklas Backstrom and loses puck.
5:49 of 3rd period - Nicklas Backstrom is hit by Alexander Ovechkin and loses puck.
6:40 of 3rd period - Snap shot by Alexander Ovechkin.
6:40 of 3rd period - Stopped by Niklas Backstrom with a rebound.
6:42 of 3rd period - Slapshot by Robyn Regehr.
6:42 of 3rd period - Shot Misses the Net.
6:44 of 3rd period - Snap shot by Mike Ribeiro.
6:44 of 3rd period - Shot Blocked by Bryce Salvador.
6:46 of 3rd period - Slapshot by Mike Ribeiro.
6:46 of 3rd period - Stopped by Niklas Backstrom with a rebound.
6:48 of 3rd period - Snap shot by Mike Ribeiro.
6:48 of 3rd period - Stopped by Niklas Backstrom without a rebound.
6:49 of 3rd period - Joe Thornton wins face-off versus Brooks Laich in Capitals zone.
6:51 of 3rd period - Minor Penalty to Thomas Vanek for Hooking.
6:51 of 3rd period - Minor Penalty to Keith Tkachuk for Roughing.
6:52 of 3rd period - Joe Thornton wins face-off versus Brooks Laich in Capitals zone.
6:55 of 3rd period - Snap shot by Mikael Samuelsson.
6:55 of 3rd period - Shot Misses the Net.
7:03 of 3rd period - Ryan Mcdonagh is hit by Chris Kunitz and loses puck.
7:49 of 3rd period - Chris Kunitz is hit by Alexander Steen and loses puck.
8:50 of 3rd period - Icing by Chris Kunitz.
8:51 of 3rd period - Penalty to Thomas Vanek is over, Thomas Vanek is back on ice.
8:51 of 3rd period - Penalty to Keith Tkachuk is over, Keith Tkachuk is back on ice.
8:51 of 3rd period - Joe Thornton wins face-off versus Brooks Laich in Capitals zone.
8:58 of 3rd period - Snap shot by Michael Grabner.
8:58 of 3rd period - Stopped by Niklas Backstrom without a rebound.
8:59 of 3rd period - Brooks Laich wins face-off versus Joe Thornton in Capitals zone.
10:02 of 3rd period - Wrist shot by Joe Thornton.
10:02 of 3rd period - Shot Misses the Net.
10:14 of 3rd period - Wrist shot by Evgeni Malkin.
10:14 of 3rd period - Stopped by Steve Mason with a rebound.
10:16 of 3rd period - Slapshot by Anton Volchenkov.
10:16 of 3rd period - Shot Misses the Net.
10:44 of 3rd period - Snap shot by Evgeni Malkin.
10:44 of 3rd period - Stopped by Steve Mason without a rebound.
10:45 of 3rd period - Brooks Laich wins face-off versus Rob Niedermayer in Predators zone.
10:48 of 3rd period - Wrist shot by Thomas Vanek.
10:48 of 3rd period - Stopped by Steve Mason without a rebound.
10:49 of 3rd period - Rob Niedermayer wins face-off versus Brooks Laich in Predators zone.
10:49 of 3rd period - Rob Niedermayer is hit by Thomas Vanek.
12:10 of 3rd period - Mike Ribeiro is hit by Pierre-Alexandre Parenteau.
12:20 of 3rd period - Zach Parise is hit by Rob Niedermayer.
13:31 of 3rd period - Wrist shot by Peter Regin.
13:31 of 3rd period - Stopped by Steve Mason with a rebound.
14:14 of 3rd period - Alexander Edler is hit by Braydon Coburn and loses puck.
14:33 of 3rd period - Joe Thornton is hit by Evgeni Malkin and loses puck.
15:26 of 3rd period - Joe Thornton is hit by Steve Sullivan and loses puck.
15:35 of 3rd period - Wrist shot by Steve Sullivan.
15:35 of 3rd period - Shot Blocked by Barret Jackman.
16:04 of 3rd period - Icing by Alexander Ovechkin.
16:05 of 3rd period - Jean-Pierre Dumont wins face-off versus Brooks Laich in Predators zone.
16:22 of 3rd period - Snap shot by Evgeni Malkin.
16:22 of 3rd period - Stopped by Steve Mason with a rebound.
17:03 of 3rd period - Anton Volchenkov is hit by Joe Thornton and loses puck.
17:34 of 3rd period - Zach Parise is hit by Keith Tkachuk and loses puck.
17:49 of 3rd period - Wrist shot by Ales Hemsky.
17:49 of 3rd period - Stopped by Steve Mason with a rebound.
18:04 of 3rd period - Minor Penalty to Joe Thornton for Hooking.
18:05 of 3rd period - Mike Ribeiro wins face-off versus Evgeni Malkin in Predators zone.
18:40 of 3rd period - Slapshot by Nicklas Backstrom.
18:40 of 3rd period - Deflect By Brooks Laich.
18:40 of 3rd period - Goal by Brooks Laich - Predators : 5 - Capitals : 3.
18:41 of 3rd period - Rob Niedermayer wins face-off versus Ales Hemsky in neutral zone.
18:43 of 3rd period - Alexander Edler is hit by Pierre-Alexandre Parenteau and loses puck.
18:52 of 3rd period - Wrist shot by Mikael Samuelsson.
18:52 of 3rd period - Stopped by Niklas Backstrom without a rebound.
18:53 of 3rd period - Ales Hemsky wins face-off versus Rob Niedermayer in Capitals zone.
19:08 of 3rd period - Slapshot by Alexander Edler.
19:08 of 3rd period - Shot Blocked by Brian Rafalski.
19:29 of 3rd period - Slapshot by Bobby Ryan.
19:29 of 3rd period - Shot Misses the Net.
19:59 of 3rd period - Slapshot by Kurtis Foster.
19:59 of 3rd period - Deflect By Rob Niedermayer.
19:59 of 3rd period - Shot Misses the Net.
19:59 of 3rd period - Puck is out of play.
Output by the SimonT Hockey Simulator (STHS) for François Prévost -- Original Page W3C XHTML 1.0 Valid